 Dungeon Crawl Stone Soup version 0.30-a0-613-gdd512c7efb (webtiles) character file.

Game seed: 7519674328715087216

30 Zonian the Sneak (level 3, -3/18 HPs)
             Began as a Vine Stalker Brigand on Jan 8, 2023.
             Killed from afar by a white imp (6 damage)
             ... with a puff of frost
             ... summoned by Natasha
             ... on level 2 of the Dungeon.
             The game lasted 00:01:35 (901 turns).

Zonian the Sneak (Vine Stalker Brigand)              Turns: 901, Time: 00:01:35

Health: -3/18      AC:  3    Str: 13    XL:     3   Next: 20%
Magic:  0/4        EV: 12    Int: 11    God:
Gold:   45         SH:  0    Dex: 17    Spells: 2/2 levels left

rFire   . . .      SeeInvis +    a - +2 dagger
rCold   . . .      Faith    .    (no shield)
rNeg    . . .      Spirit   +    b - +0 robe
rPois   .          Reflect  .    (no helmet)
rElec   .          Harm     .    c - +0 cloak
rCorr   .          Rampage  .    (no gloves)
Will    .....                    (no boots)
Stlth   +++                      (no amulet)
HPRegen 0.23/turn                i - ring of see invisible
MPRegen 0.09/turn                (no ring)

@: no status effects
A: fangs 2, magic shield, antimagic bite, no potion heal 2
a: no special abilities


You were on level 2 of the Dungeon.
You visited 1 branch of the dungeon, and saw 2 of its levels.

You collected 45 gold pieces.

Inventory:

Hand Weapons
 a - a +2 dagger (weapon)
 j - a +0 short sword
Missiles
 d - 9 poisoned darts (quivered)
 e - 3 curare-tipped darts
Armour
 b - a +0 robe (worn)
 c - a +0 cloak (worn)
Jewellery
 i - a ring of see invisible (left hand)
Scrolls
 h - a scroll of identify {unknown}
 k - a scroll of fear {unknown}
Potions
 f - a potion of curing {unknown}
 g - 2 potions of magic {unknown}
 l - a potion of haste {unknown}


   Skills:
 + Level 2.1 Fighting
 + Level 2.1 Short Blades
 + Level 2.1 Throwing
 + Level 1.2 Dodging
 + Level 5.1 Stealth


You had 2 spell levels left.
You didn't know any spells.
Your spell library was empty.

Dungeon Overview and Level Annotations

Branches:
Dungeon (2/15)

Altars:

Shops:
D:2 (

Annotations:
D:2 Natasha


Innate Abilities, Weirdness & Mutations

You have extremely sharp teeth.
When hurt, damage is shared between your health and your magic reserves.
Your bite disrupts and absorbs the magic of your enemies.
Potions cannot restore your health.


Message History

Natasha casts a spell at you. The magic dart hits you.
Natasha casts a spell.
You see here a scroll labelled MUOSHR MUONOU.
You hit Natasha. Your bite misses Natasha.
Natasha is lightly wounded.
Natasha howls an incantation.
You feel disoriented. Natasha claws you.
You closely miss Natasha.
Natasha is lightly wounded.
Natasha mewls in sadness.
Natasha closely misses you.
You hit Natasha. You bite Natasha.
Natasha's magic leaks into the air.
You drain her magic.
You feel invigorated.
Natasha is heavily wounded.
The white imp gestures at you. The puff of frost hits you. Natasha claws you.
You hit Natasha.
Natasha is almost dead.
Natasha claws you.
You are too injured to fight recklessly!
You barely miss Natasha. Your bite misses Natasha.
Natasha is almost dead.
The white imp closely misses you.
Natasha falters for a moment.
Unknown command.
You hit Natasha but do no damage.
Natasha is severely wounded.
The white imp closely misses you. Natasha misses you.
You barely miss Natasha. Your bite misses Natasha.
Natasha is severely wounded.
The white imp hits you but does no damage.
Natasha growls.
Natasha claws you!
* * * LOW HITPOINT WARNING * * *
You barely miss Natasha.
Natasha is severely wounded.
The white imp gestures at you. The puff of frost hits you!
You die...

#. ... .. ..... .. .#
#..#... .#.. ##.###
###.....##.#. #....
....#... .. #..#
###..#..# .#####
##..#####......h##......
#..............5@..#
..<.# #.#.#........#
##..###.#.#........#
..................##
##...##.#.##.########
#...................
#..........#.#.####
##.####.###..∩..# ...#
#.# ###.###


You could see Natasha (magic disrupted) and a white imp (summoned).

Vanquished Creatures
  A gnoll (D:1)
  A dart slug (D:1)
  3 bats (D:1)
  2 endoplasms (D:1)
  2 giant cockroaches (D:1)
  2 goblins (D:1)
  A hobgoblin (D:1)
  4 kobolds (D:1)
  A frilled lizard (D:2)
17 creatures vanquished.

Notes
Turn   | Place    | Note
-------+----------+-------------------------------------------
     0 | D:1      | Zonian the Vine Stalker Brigand began the quest for the
                  | Orb.
     0 | D:1      | Reached XP level 1. HP: 11/11 MP: 2/2
   328 | D:1      | Reached skill level 1 in Dodging
   328 | D:1      | Reached XP level 2. HP: 15/15 MP: 3/3
   452 | D:1      | Reached skill level 5 in Stealth
   542 | D:1      | Reached XP level 3. HP: 18/18 MP: 4/4
   874 | D:2      | Found Pesabu's Weapon Shoppe.
   886 | D:2      | Noticed Natasha
   901 | D:2      | Killed from afar by a white imp

Illustrated notes

Levels and vault maps discovered:
D:1:      dpeg_arrival_connections, layout_loops_ring, minivault_27
D:2:      kennysheep_the_goblin_king, layout_basic, basic_altar, serial_shops,
          nicolae_shop_crystal, uniq_jessica, uniq_natasha

Skill      XL: |  1  2 |
---------------+-------+-----
Dodging        | 1 |  1.2
Fighting       | 2 |  2.1
Short Blades   | 2 |  2.1
Throwing       | 2 |  2.1
Stealth        | 5 |  5.1

Action                   || total
-------------------------++-------
Melee: Dagger            ||    47
       Bite              ||     6
       Punch             ||     1
Throw: Dart              ||    10
 Stab: Sleeping          ||     4
Armor: Robe              ||    15
Dodge: Dodged            ||    27

Table legend: (Time is in decaauts)
 A = Elapsed time spent in this place.
 B = Non-inter-level travel time spent in this place.
 C = Inter-level travel time spent in this place.
 D = Time resting spent in this place.
 E = Time spent auto-exploring this place.
 F = Levels seen in this place.
 G = Mean time per level.
                   A        B        C        D        E       F      G
               +--------+--------+--------+--------+--------+-----+--------+
         Total |    894 |    886 |      8 |     18 |    650 |   2 |  447.0 |
       Dungeon |    894 |    886 |      8 |     18 |    650 |   2 |  447.0 |
               +--------+--------+--------+--------+--------+-----+--------+

Top non-repeatable levels by time:
     D:1: 847 daAuts
     D:2: 47 daAuts
